 Dungeon Crawl Stone Soup version 0.30-a0-166-g5d06c95188 (webtiles) character file.

Game seed: 11666654747040402067

396 qw the Chopper (level 6, 0/38 HPs)
             Began as a Gargoyle Fighter on Sept 28, 2022.
             Slain by Pikel
             ... wielding a +0 whip of flaming
              (1 damage)
             ... on level 4 of the Dungeon.
             The game lasted 00:01:18 (4634 turns).

qw the Chopper (Gargoyle Fighter)                   Turns: 4634, Time: 00:01:18

Health: 0/38       AC: 13    Str: 21    XL:     6   Next: 82%
Magic:  6/6        EV:  7    Int:  9    God:
Gold:   191        SH:  4    Dex:  9    Spells: 5/5 levels left

rFire   . . .      SeeInvis .    Y - +0 war axe
rCold   + . .      Faith    .    c - +0 buckler
rNeg    + . .      Spirit   .    f - +0 chain mail {rC+}
rPois   inf        Reflect  .    (no helmet)
rElec   +          Harm     .    (no cloak)
rCorr   +          Rampage  .    (no gloves)
Will    .....                    (no boots)
Stlth   ..........               (no amulet)
HPRegen 0.12/turn                h - ring of resist corrosion
MPRegen 0.10/turn                (no ring)

@: no status effects
A: sickness immunity, AC +4, negative energy resistance 1, electricity
resistance, torment resistance 1, petrification resistance
a: no special abilities


You were on level 4 of the Dungeon.
You visited 1 branch of the dungeon, and saw 4 of its levels.

You collected 191 gold pieces.


Innate Abilities, Weirdness & Mutations

You are immune to sickness and miasma.
Your stone body is resilient. (AC +4)
You are immune to poison.
You resist negative energy. (rN+)
You are resistant to electric shocks. (rElec)
You are resistant to unholy torment.
You are immune to petrification.


   Skills:
 - Level 4.0 Fighting
 - Level 6.1 Axes
 - Level 3.2 Armour
 + Level 0.5 Dodging
 - Level 3.2 Shields


You had 5 spell levels left.
You didn't know any spells.
Your spell library was empty.

Inventory:

Hand Weapons
 o - a +0 whip
 Y - a +0 war axe (weapon)
Missiles
 n - 2 boomerangs (quivered)
Armour
 c - a +0 buckler (worn)
 f - a +0 chain mail of cold resistance (worn)
Jewellery
 h - a ring of resist corrosion (left hand)
 l - a ring of fire
Scrolls
 a - a scroll of identify
Potions
 b - a potion of haste
 d - 2 potions of might
 g - 6 potions of curing
 i - a potion of attraction {unknown}
 k - a potion of invisibility {unknown}
 p - a potion of berserk rage {unknown}
 q - a potion of magic {unknown}

Dungeon Overview and Level Annotations

Branches:
Dungeon (4/15)
 Temple: D:4-7

Altars:

Annotations:
D:4 Pikel


Message History

Pikel hits you with a +0 whip of flaming.
Pikel burns you. The lemure closely misses you. The lemure barely misses you.
The lemure closely misses you.
You hit the lemure but do no damage.
The lemure is severely wounded.
You hit Pikel. You hit the lemure. You closely miss the lemure.
Pikel says, "You'll make a fine lemure."
Pikel zaps a wand.
The puff of flame hits you but does no damage.
The lemure barely misses you. The lemure hits you. x2
Pikel hits you but does no damage. The lemure closely misses you.
The lemure hits you. The lemure hits you but does no damage.
You closely miss the lemure.
The lemure is severely wounded.
You slash Pikel! You hit the lemure but do no damage.
You barely miss the lemure.
Pikel drinks a potion.
Pikel seems to speed up.
The lemure hits you. The lemure hits you but does no damage.
You block the lemure's attack.
You hit the lemure.
The lemure is almost dead.
You closely miss the lemure. You hit Pikel but do no damage.
You hit the lemure but do no damage. Pikel barely misses you.
The lemure hits you. The lemure barely misses you.
The lemure hits you but does no damage.
Pikel hits you with a +0 whip of flaming.
Pikel burns you.
You closely miss the lemure.
The lemure is almost dead.
You hit the lemure but do no damage. You closely miss Pikel.
You hit the lemure.
Pikel zaps a wand.
The puff of flame hits you but does no damage.
The lemure closely misses you. The lemure barely misses you. x2
You closely miss the lemure.
The lemure is almost dead.
You hit the lemure. You closely miss Pikel. You closely miss the lemure.
Pikel barely misses you. The lemure hits you but does no damage.
The lemure hits you. The lemure hits you but does no damage.
Pikel hits you with a +0 whip of flaming.
Pikel burns you.
You die...

...#### ......#
######### ......#
#........ ......#
###...[.... ......#
#.......... ......####
#.......... ......'..#
#.......... ......##.#
#..55...... ......##.#
#..@K......
......##.#####...5######
......##.#.........#
......##.#.#######.#
########.#.# .# #.#.# .#
########.#.# #
.........#.#
...........#


You could see Pikel (fast) and 3 lemures.

Vanquished Creatures
  Eustachio (D:4)
  A lemure (D:4)
  A scorpion (D:4)
  A hound (D:4)
  2 iguanas (D:4)
  3 adders
  2 worms (D:2)
  A dart slug (D:2)
  7 orcs
  7 endoplasms
  5 giant cockroaches
  4 goblins
  12 hobgoblins
  2 quokkas
  3 ball pythons
  3 bats
  3 frilled lizards
  3 kobolds
  2 rats (D:3)
63 creatures vanquished.

Notes
Turn   | Place    | Note
-------+----------+-------------------------------------------
     0 | D:1      | qw the Gargoyle Fighter began the quest for the Orb.
     0 | D:1      | Reached XP level 1. HP: 14/14 MP: 1/1
     0 | D:1      | 0 ||| qw: Version: 0.2-a-12-gaebbb33
     0 | D:1      | 0 ||| qw: Game counter: 939
     0 | D:1      | 0 ||| qw: Always use a shield: true
     0 | D:1      | 0 ||| qw: God list: Okawaru
     0 | D:1      | 0 ||| qw: Allow faded altars: false
     0 | D:1      | 0 ||| qw: Do Orc after D:15 true
     0 | D:1      | 0 ||| qw: Do second Lair branch before Depths: true
     0 | D:1      | 0 ||| qw: Lair rune preference: random
     0 | D:1      | 0 ||| qw: Plans: Normal, Zot:1-4, God:TSO, Crypt, Tomb,
                  | Pan, Slime:5, Hells, Abyss, Orb
     0 | D:1      | 0 ||| PLANNING D:1-11
   129 | D:1      | Reached skill level 2 in Axes
   305 | D:1      | Found a faded altar of an unknown god.
   636 | D:1      | Reached XP level 2. HP: 19/19 MP: 2/2
   958 | D:1      | 958 ||| READING scroll labelled FAAKOFRILUO.
   959 | D:1      | 959 ||| READING scroll labelled BEAF DESTOILUG.
   962 | D:1      | 962 ||| READING scroll labelled ZOGAUTW SOISK.
   963 | D:1      | 963 ||| READING scroll labelled CAUN SUTTEOMOT.
   964 | D:1      | 964 ||| DRINKING 4 murky amethyst potions.
   989 | D:2      | 989 ||| STAIRDANCE
   999 | D:2      | 999 ||| STAIRDANCE
  1076 | D:2      | 1076 ||| STAIRDANCE
  1334 | D:2      | 1334 ||| Stepping ~*~*~tactically~*~*~ (stealth).
  1335 | D:2      | 1335 ||| Stepping ~*~*~tactically~*~*~ (stealth).
  1341 | D:2      | 1341 ||| Stepping ~*~*~tactically~*~*~ (stealth).
  1353 | D:2      | 1353 ||| Stepping ~*~*~tactically~*~*~ (stealth).
  1358 | D:2      | 1358 ||| FLEEEEING.
  1359 | D:2      | 1359 ||| FLEEEEING.
  1360 | D:2      | 1360 ||| FLEEEEING.
  1361 | D:2      | 1361 ||| FLEEEEING.
  1362 | D:2      | 1362 ||| FLEEEEING.
  1363 | D:2      | 1363 ||| FLEEEEING.
  1364 | D:2      | 1364 ||| FLEEEEING.
  1365 | D:2      | 1365 ||| FLEEEEING.
  1366 | D:2      | 1366 ||| FLEEEEING.
  1367 | D:2      | 1367 ||| FLEEEEING.
  1368 | D:2      | 1368 ||| FLEEEEING.
  1369 | D:2      | 1369 ||| FLEEEEING.
  1370 | D:2      | 1370 ||| FLEEEEING.
  1371 | D:2      | 1371 ||| FLEEEEING.
  1372 | D:2      | 1372 ||| FLEEEEING.
  1373 | D:2      | 1373 ||| FLEEEEING.
  1374 | D:2      | 1374 ||| FLEEEEING.
  1375 | D:2      | 1375 ||| FLEEEEING.
  1376 | D:2      | 1376 ||| FLEEEEING.
  1377 | D:2      | 1377 ||| FLEEEEING.
  1384 | D:2      | 1384 ||| STAIRDANCE
  1472 | D:2      | 1472 ||| STAIRDANCE
  1556 | D:2      | Reached skill level 3 in Axes
  1638 | D:2      | Reached XP level 3. HP: 15/23 MP: 3/3
  2397 | D:2      | 2397 ||| UPGRADING to ring of resist corrosion.
  2398 | D:2      | 2398 ||| READING 2 scrolls of identify.
  2398 | D:2      | 2398 ||| IDENTIFYING pink potion
  2399 | D:2      | 2399 ||| DROPPING potion of ambrosia.
  2542 | D:3      | 2542 ||| Stepping ~*~*~tactically~*~*~ (stealth).
  2546 | D:3      | Reached XP level 4. HP: 15/28 MP: 4/4
  2546 | D:3      | 2546 ||| FLEEEEING.
  2547 | D:3      | 2547 ||| FLEEEEING.
  2548 | D:3      | 2548 ||| FLEEEEING.
  2549 | D:3      | 2549 ||| FLEEEEING.
  2550 | D:3      | 2550 ||| FLEEEEING.
  2551 | D:3      | 2551 ||| FLEEEEING.
  2552 | D:3      | 2552 ||| FLEEEEING.
  2553 | D:3      | 2553 ||| FLEEEEING.
  2554 | D:3      | 2554 ||| FLEEEEING.
  2555 | D:3      | 2555 ||| FLEEEEING.
  2556 | D:3      | 2556 ||| FLEEEEING.
  2561 | D:3      | 2561 ||| FLEEEEING.
  2562 | D:3      | 2562 ||| FLEEEEING.
  2563 | D:3      | 2563 ||| FLEEEEING.
  2564 | D:3      | 2564 ||| FLEEEEING.
  2565 | D:3      | 2565 ||| FLEEEEING.
  2566 | D:3      | 2566 ||| FLEEEEING.
  2567 | D:3      | 2567 ||| FLEEEEING.
  2568 | D:3      | 2568 ||| FLEEEEING.
  2569 | D:3      | 2569 ||| FLEEEEING.
  2570 | D:3      | 2570 ||| FLEEEEING.
  2571 | D:3      | 2571 ||| FLEEEEING.
  2572 | D:3      | 2572 ||| FLEEEEING.
  2573 | D:3      | 2573 ||| FLEEEEING.
  2574 | D:3      | 2574 ||| FLEEEEING.
  2576 | D:3      | 2576 ||| FLEEEEING.
  2577 | D:3      | 2577 ||| FLEEEEING.
  2578 | D:3      | 2578 ||| FLEEEEING.
  2579 | D:3      | 2579 ||| FLEEEEING.
  2580 | D:3      | 2580 ||| FLEEEEING.
  2581 | D:3      | 2581 ||| FLEEEEING.
  2582 | D:3      | 2582 ||| FLEEEEING.
  2583 | D:3      | 2583 ||| FLEEEEING.
  2584 | D:3      | 2584 ||| FLEEEEING.
  2585 | D:3      | 2585 ||| FLEEEEING.
  2586 | D:3      | 2586 ||| FLEEEEING.
  2587 | D:3      | 2587 ||| FLEEEEING.
  2588 | D:3      | 2588 ||| FLEEEEING.
  2589 | D:3      | 2589 ||| FLEEEEING.
  2593 | D:3      | 2593 ||| FLEEEEING.
  2594 | D:3      | 2594 ||| FLEEEEING.
  2595 | D:3      | 2595 ||| FLEEEEING.
  2596 | D:3      | 2596 ||| FLEEEEING.
  2597 | D:3      | 2597 ||| FLEEEEING.
  2598 | D:3      | 2598 ||| FLEEEEING.
  2599 | D:3      | 2599 ||| FLEEEEING.
  2600 | D:3      | 2600 ||| FLEEEEING.
  2601 | D:3      | 2601 ||| FLEEEEING.
  2602 | D:3      | 2602 ||| FLEEEEING.
  2604 | D:3      | 2604 ||| STAIRDANCE
  2685 | D:2      | 2685 ||| UPGRADING to +0 chain mail of cold resistance.
  2695 | D:2      | 2695 ||| DROPPING +0 scale mail.
  2696 | D:2      | 2696 ||| READING scroll labelled QADIPH QIUSKI.
  2946 | D:3      | 2946 ||| DROPPING +0 club.
  2988 | D:3      | Reached skill level 4 in Axes
  3395 | D:3      | 3395 ||| READING scroll labelled CUDDUO ZEGARE.
  3396 | D:3      | 3396 ||| READING scroll labelled YMIKHOD WEMMYGU.
  3397 | D:3      | 3397 ||| READING 2 scrolls of identify.
  3397 | D:3      | 3397 ||| IDENTIFYING dark potion
  3398 | D:3      | 3398 ||| DROPPING potion of flight.
  3414 | D:4      | Noticed a scorpion
  3423 | D:4      | Killed a scorpion
  3424 | D:4      | Reached XP level 5. HP: 30/32 MP: 5/5
  3466 | D:4      | Noticed Eustachio
  3485 | D:4      | HP: 7/32 [shadow imp[Eustachio] (3)]
  3486 | D:4      | 3486 ||| READING scroll of teleportation.
  3491 | D:4      | HP: 4/32 [Eustachio/+0 falchion (1)]
  3495 | D:4      | Killed Eustachio
  3496 | D:4      | Reached skill level 5 in Axes
  3496 | D:4      | Reached XP level 6. HP: 5/37 MP: 6/6
  4312 | D:4      | 4312 ||| Stepping ~*~*~tactically~*~*~ (stealth).
  4318 | D:4      | Reached skill level 6 in Axes
  4476 | D:4      | 4476 ||| Stepping ~*~*~tactically~*~*~ (stealth).
  4622 | D:4      | Noticed Pikel
  4632 | D:4      | HP: 9/38 [lemure[Pikel] (5)]
  4634 | D:4      | HP: 1/38 [Pikel/+0 whip of flaming (4)]
  4634 | D:4      | Slain by Pikel

Levels and vault maps discovered:
D:1:      shiori_arrival_elements, layout_loops_corners,
          hellmonk_ecumenical_altar_leap_of_faith
D:2:      layout_basic
D:3:      layout_loops_ring
D:4:      layout_basic, uniq_pikel, uniq_eustachio

Skill      XL: |  1  2  3  4  5  6 |
---------------+-------------------+-----
Axes           | 2 3 4 5 6 |  6.1
Fighting       | 4 |  4.0
Armour         | |  3.2
Dodging        | |  0.5
Shields        | |  3.2

Action                   |  1- 3 |  4- 6 || total
-------------------------+-------+-------++-------
Melee: War axe           |   104 |   115 ||   219
Throw: Boomerang         |       |    25 ||    25
  Use: Scroll            |     5 |     5 ||    10
       Potion            |     1 |       ||     1
Armor: Scale mail        |    42 |       ||    42
       Chain mail        |       |   112 ||   112
Dodge: Dodged            |    35 |    71 ||   106
Block: Buckler           |    14 |    33 ||    47

Table legend:
 A = Non-vault XP
 B = Vault XP
 C = Vault XP percentage of total XP
 D = Non-vault monster count
 E = Vault monster count
 F = Vault count percentage of total count
                 A         B        C        D         E       F
            +---------+---------+-------+---------+---------+-------
      Total |     355 |     211 |  37.3 |      61 |       1 |   1.6
            +---------+---------+-------+---------+---------+-------
        D:1 |      15 |       0 |   0.0 |      10 |       0 |   0.0
        D:2 |      48 |       0 |   0.0 |      15 |       0 |   0.0
        D:3 |      58 |       0 |   0.0 |      22 |       0 |   0.0
        D:4 |     234 |     211 |  47.4 |      14 |       1 |   6.7
            +---------+---------+-------+---------+---------+-------
